 Dungeon Crawl Stone Soup version 0.24-a0-462-ge24419a6ad (webtiles) character file.

Game seed: 16975136372736081167

67 Mithandil the Conjurer (level 3, -1/19 HPs)
             Began as a Deep Elf Conjurer on July 2, 2019.
             Splashed by Ijyb's acid (10 damage)
             ... on level 3 of the Dungeon.
             The game lasted 00:09:21 (1164 turns).

Mithandil the Conjurer (Deep Elf Conjurer)          Turns: 1164, Time: 00:09:22

Health: -1/19      AC: -2    Str:  5    XL:     3   Next: 98%
Magic:  5/10       EV: 13    Int: 20    God:
Gold:   83         SH:  0    Dex: 15    Spells: 7/10 levels left

rFire    . . .     SeeInvis .   a - +0 dagger
rCold    . . .     Gourm    .   (no shield)
rNeg     . . .     Faith    .   j - +0 robe
rPois    .         Spirit   .   (no helmet)
rElec    .         Reflect  .   (no cloak)
rCorr    .         Harm     .   (no gloves)
MR       .....                  (no boots)
Stlth    ++........             (no amulet)
HPRegen  0.06/turn              (no ring)
MPRegen  0.12/turn              (no ring)

@: corroded
A: no striking features
a: no special abilities


You were on level 3 of the Dungeon.
You were hungry.

You visited 1 branch of the dungeon, and saw 3 of its levels.

You collected 83 gold pieces.

Inventory:

Hand Weapons
 a - a +0 dagger (weapon)
Missiles
 b - 23 poisoned darts (quivered)
 d - 107 stones
 g - 3 boomerangs
Armour
 j - a +0 robe (worn)
 m - a +0 pair of boots
Scrolls
 e - a scroll of immolation {unknown}
 i - 3 scrolls of identify {unknown}
 k - a scroll of amnesia {unknown}
Potions
 f - 2 potions of curing {unknown}
 h - a potion of lignification {unknown}
 l - a potion of brilliance {unknown}
Comestibles
 c - 5 rations


   Skills:
 + Level 0.8 Short Blades
   Level 0.0 Polearms
 + Level 3.0 Dodging
 + Level 3.2 Stealth
 * Level 4.0 Spellcasting
 * Level 4.9 Conjurations


You had 7 spell levels left.
You knew the following spells:

 Your Spells              Type           Power        Failure   Level  Hunger
a - Magic Dart            Conj           ###.         1%          1    None
b - Searing Ray           Conj           ###...       2%          2    #......

Your spell library contained the following spells:

 Spells                   Type           Power        Failure   Level  Hunger
 Dazzling Spray           Conj/Hex       ##....       14%         3    ###....
 Iskenderun's Mystic Bla  Conj           ###.....     17%         4    ####...
 Force Lance              Conj/Tloc      ##......     43%         4    ####...
 Fulminant Prism          Conj/Hex       ##........   43%         4    ####...


Dungeon Overview and Level Annotations

Branches:
Dungeon (3/15)

Altars:
Okawaru

Annotations:
D:3 Ijyb


Message History

Aiming: Magic Dart (safe; 1% risk of failure)
Press: ? - help, Shift-Dir - straight line, f - goblin
Aim: a goblin, wielding a +2 dagger of electrocution (resting)
The magic dart hits the goblin!
You kill the goblin!
Found a scroll labeled YRELYCK HIVUPE.
Found an iron altar of Okawaru.
Ijyb the Twisted Goblin comes into view.
She is carrying a wand of acid (7).
Ijyb shouts!
You see here 14 arrows.
Casting: Magic Dart (safe; 1% risk of failure)
Confirm with . or Enter, or press ? or * to list all spells.
Aiming: Magic Dart (safe; 1% risk of failure)
Press: ? - help, Shift-Dir - straight line, f - Ijyb
Aim: Ijyb, wearing a +0 leather armour and carrying a wand of acid (7)
The magic dart hits Ijyb but does no damage.
Ijyb zaps a wand.
The bolt of acid hits you!
Ouch! That really hurt!
The acid corrodes you!
You are splashed with acid!
Ouch! That really hurt!
You die...

# # #. ## ..#.# .
..##.. # ##.#....# #
#### ##...# #..####
#....####.)###. #.....
#...g.@...>.... ##....
#....#....########..#..
#...#_#..........<.####
#....#...###########
#?.......# #........#
####)..### #.## #.


You could see Ijyb.

Vanquished Creatures
  An adder (D:2)
  3 oozes
  A worm (D:2)
  A dart slug (D:1)
  3 leopard geckos
  4 bats (D:1)
  2 giant cockroaches
  7 goblins
  3 hobgoblins (D:1)
  A quokka (D:2)
  3 frilled lizards (D:1)
  4 kobolds
  4 rats
37 creatures vanquished.

Notes
Turn   | Place    | Note
-------+----------+-------------------------------------------
     0 | D:1      | Mithandil the Deep Elf Conjurer began the quest for the
                  | Orb.
     0 | D:1      | Reached XP level 1. HP: 10/10 MP: 6/6
   113 | D:1      | Reached XP level 2. HP: 15/15 MP: 1/8
   117 | D:1      | Learned a level 2 spell: Searing Ray
   382 | D:1      | Reached XP level 3. HP: 11/19 MP: 2/10
  1162 | D:3      | Found an iron altar of Okawaru.
  1163 | D:3      | Noticed Ijyb
  1164 | D:3      | Splashed by Ijyb's acid

Levels and vault maps discovered:
D:1:      minmay_arrival_solitary_statue, layout_loops_ring
D:2:      layout_rooms, minmay_stone_trees_small, serial_bayou_crossing
D:3:      layout_rooms, okawaru_metal_pillars_1_2, uniq_terence, uniq_ijyb

Skill      XL: |  1  2  3 |
---------------+----------+-----
Stealth        | 3 |  3.2
Spellcasting   | 4 |  4.0
Dodging        | 3 |  3.0
Short Blades   | |  0.8
Conjurations   | |  4.9

Action                   || total
-------------------------++-------
 Cast: Magic Dart        ||    74
Armor: Robe              ||     2
Dodge: Dodged            ||    11

Table legend:
 A = Non-vault XP
 B = Vault XP
 C = Vault XP percentage of total XP
 D = Non-vault monster count
 E = Vault monster count
 F = Vault count percentage of total count
                 A         B        C        D         E       F
            +---------+---------+-------+---------+---------+-------
      Total |      96 |       0 |   0.0 |      37 |       0 |   0.0
            +---------+---------+-------+---------+---------+-------
        D:1 |      52 |       0 |   0.0 |      24 |       0 |   0.0
        D:2 |      38 |       0 |   0.0 |      10 |       0 |   0.0
        D:3 |       6 |       0 |   0.0 |       3 |       0 |   0.0
            +---------+---------+-------+---------+---------+-------
